 Dungeon Crawl Stone Soup version 0.28.0-53-g5a82cb258f (webtiles) character file.

Game seed: 3014801566358462747

247 LustLizard the Chiller (level 5, -5/41 HPs)
             Began as a Demigod Ice Elementalist on Aug 16, 2022.
             Slain by an ogre
             ... wielding a +0 giant spiked club
              (28 damage)
             ... on level 4 of the Dungeon.
             The game lasted 00:08:20 (4006 turns).

LustLizard the Chiller (Demigod Ice Elementalist)   Turns: 4006, Time: 00:08:20

Health: -5/41      AC:  2    Str:  9    XL:     5   Next: 54%
Magic:  6/11       EV: 12    Int: 21    God:
Gold:   175        SH:  0    Dex: 14    Spells: 4/9 levels left

rFire   . . .      SeeInvis .   m - +3 short sword (protect)
rCold   . . .      Faith    .   (no shield)
rNeg    . . .      Spirit   .   a - +0 robe
rPois   .          Reflect  .   (no helmet)
rElec   .          Harm     .   (no cloak)
rCorr   .          Rampage  .   (no gloves)
Will    .....                   (no boots)
Stlth   ++........              (no amulet)
HPRegen 0.13/turn               (no ring)
MPRegen 0.12/turn               (no ring)

@: freezing walls
A: high MP 1, forlorn, divine attributes
a: no special abilities


You were on level 4 of the Dungeon.
You visited 1 branch of the dungeon, and saw 4 of its levels.

You collected 175 gold pieces.

Inventory:

Hand Weapons
 c - a +0 dagger
 j - a +2 dagger of speed
 m - a +3 short sword of protection (weapon)
Armour
 a - a +0 robe (worn)
Wands
 k - a wand of flame (17)
Scrolls
 b - a scroll of teleportation {unknown}
 d - a scroll of holy word {unknown}
 e - a scroll of amnesia {unknown}
 f - 2 scrolls of identify {unknown}
 h - a scroll of magic mapping {unknown}
 i - 2 scrolls of enchant weapon {unknown}
Potions
 g - a potion of brilliance {unknown}
 l - a potion of attraction {unknown}


   Skills:
 + Level 1.9 Fighting
 - Level 1.7 Dodging
 + Level 3.0 Stealth
 + Level 2.6 Spellcasting
 * Level 0.6 Conjurations
 * Level 4.8 Ice Magic
 * Level 1.1 Evocations


You had 4 spell levels left.
You knew the following spells:

 Your Spells              Type           Power      Damage    Failure   Level
a - Freeze                Ice            92%        1d10      1%          1
b - Frozen Ramparts       Ice            46%        1d6       5%          3
c - Foxfire               Conj/Fire      16%        2x1d4     12%         1

Your spell library contained the following spells:

 Spells                   Type           Power      Damage    Failure   Level
 Ozocubu's Armour         Ice            23%        N/A       5%          3
 Slow                     Hex            8%         N/A       14%         1
 Conjure Flame            Conj/Fire      4%         6-21      36%         3
 Stone Arrow              Conj/Erth      8%         3d7       36%         3
 Confusing Touch          Hex            2%         N/A       38%         3
 Inner Flame              Hex/Fire       2%         N/A       38%         3
 Vampiric Draining        Necr           2%         2d6       38%         3
 Hailstorm                Conj/Ice       14%        3d5       41%         4
 Flame Wave               Conj/Fire      4%         2d5       77%         4
 Animate Armour           Summ/Erth      4%         N/A       80%         4
 Lehudib's Crystal Spear  Conj/Erth      2%         10d2      100%        8


Dungeon Overview and Level Annotations

Branches:
Dungeon (4/15)
 Temple: D:4-7


Innate Abilities, Weirdness & Mutations

You have an increased reservoir of magic. (+10% MP)
You shall have no god before yourself.
Your divine heritage dramatically boosts your attributes as you level up.


Message History

The kobold barely misses you.
You closely miss the kobold.
The kobold is severely wounded.
The kobold hits you but does no damage.
You puncture the kobold!
You kill the kobold!
Things that are here:
a +0 dagger; a stone; a kobold corpse An ogre comes into view.
It is wielding a +0 giant spiked club.
Found a scroll labelled QUGRIXK OSSATIM.
The ogre shouts!
Casting: Freeze (safe; 1% risk of failure)
Confirm with . or Enter, or press ? or * to list all spells.
Casting: Frozen Ramparts (dangerous; 5% risk of failure)
Press: ? - help, Dir - look around, f - activate The walls around you are covered in ice.
The wall freezes the ogre.
Casting: Frozen Ramparts (dangerous; 5% risk of failure)
Confirm with . or Enter, or press ? or * to list all spells.
Okay, then.
Casting: Frozen Ramparts (dangerous; 5% risk of failure)
Confirm with . or Enter, or press ? or * to list all spells.
Aiming: Freeze (safe; 1% risk of failure)
Press: ? - help, Shift-Dir - straight line, f - ogre
Aim: an ogre, wielding a +0 giant spiked club (lightly wounded)
You freeze the ogre!
The ogre is moderately wounded.
The wall freezes the ogre.
The ogre hits you with a +0 giant spiked club!
Casting: Freeze (safe; 1% risk of failure)
Confirm with . or Enter, or press ? or * to list all spells.
Aiming: Freeze (safe; 1% risk of failure)
Press: ? - help, Shift-Dir - straight line, f/p - ogre
Aim: an ogre, wielding a +0 giant spiked club (heavily wounded)
You freeze the ogre.
The ogre is severely wounded.
The wall freezes the ogre.
The ogre hits you with a +0 giant spiked club!!
Ouch! That really hurt!
You die...

###......######.
#.# ##...#.# #.#
##.##.# #.#
#.##.# #.#
#.##.# #.#
#.##.. ###.# #.#
## #...#####.#
#...O@....#
#...........#
##.########.# #.
.# #. # #? #. #.


You could see an ogre.

Vanquished Creatures
  A water moccasin skeleton (D:4)
  An orc priest (D:3)
  Natasha (thrice) (D:2)
  2 adders (D:2)
  2 dart slugs
  4 worms
  4 orcs
  7 bats
  8 endoplasms
  2 giant cockroaches
  2 hobgoblins
  5 kobolds
  4 quokkas
  7 ball pythons
  3 frilled lizards
  3 goblins (D:3)
  10 rats
68 creatures vanquished.

Vanquished Creatures (others)
  An orc (D:2)
  17 foxfires
18 creatures vanquished.

Grand Total: 86 creatures vanquished

Notes
Turn   | Place    | Note
-------+----------+-------------------------------------------
     0 | D:1      | LustLizard the Demigod Ice Elementalist began the quest for
                  | the Orb.
     0 | D:1      | Reached XP level 1. HP: 14/14 MP: 5/5
   550 | D:1      | Reached XP level 2. HP: 8/22 MP: 4/7
  1461 | D:2      | Reached skill level 4 in Ice Magic
  1505 | D:2      | Reached XP level 3. HP: 24/27 MP: 3/8
  1509 | D:2      | Learned a level 3 spell: Frozen Ramparts
  1615 | D:2      | Reached skill level 1 in Fighting
  1884 | D:2      | Learned a level 1 spell: Foxfire
  2076 | D:2      | Noticed Natasha
  2080 | D:2      | Killed Natasha
  2251 | D:2      | Reached XP level 4. HP: 35/35 MP: 10/10
  2473 | D:2      | Noticed Natasha
  2485 | D:2      | Killed Natasha
  2570 | D:2      | Noticed Natasha
  2575 | D:2      | Killed Natasha
  2958 | D:3      | Reached XP level 5. HP: 27/41 MP: 2/11
  3530 | D:3      | Noticed a moth of wrath
  3973 | D:4      | Reached skill level 1 in Evocations
  4001 | D:4      | Noticed an ogre
  4006 | D:4      | Slain by an ogre

Illustrated notes

Levels and vault maps discovered:
D:1:      minmay_arrival_solitary_statue, layout_basic,
          shapermc_ecumenical_altar_mp_ritualfount
D:2:      layout_basic, uniq_natasha
D:3:      layout_basic, tgw_trog, chequers_temple_overflow_statue_of_worship,
          serial_co_window_serial, co_window_of_opportunity_a,
          co_window_paths_b, co_window_paths_b, co_window_of_opportunity_a,
          co_window_of_opportunity_a, co_window_corner_ca, co_window_2corner,
          co_window_2corner, co_window_2corner, co_window_corner_b,
          co_window_corner_b, glass_columns_c, glass_columns_c
D:4:      layout_loops_ring, grunt_temple_overflow_open, portal_sewer_entry_b

Skill      XL: |  1  2  3  4  5 |
---------------+----------------+-----
Stealth        | 2 3 |  3.0
Spellcasting   | 2 |  2.6
Ice Magic      | 4 |  4.8
Fighting       | 1 |  1.9
Evocations     | 1 |  1.1
Dodging        | |  1.7
Conjurations   | |  0.6

Action                   |  1- 3 |  4- 6 || total
-------------------------+-------+-------++-------
Melee: Dagger            |    22 |    24 ||    46
       Punch             |     1 |       ||     1
       Short sword       |       |    21 ||    21
 Cast: Freeze            |    48 |    13 ||    61
       Foxfire           |     1 |    10 ||    11
       Frozen Ramparts   |     1 |     5 ||     6
 Stab: Sleeping          |     8 |     7 ||    15
Armor: Robe              |     4 |    11 ||    15
Dodge: Dodged            |    30 |    30 ||    60
